[Event "Team 45 45 League T87"]
[Site "Internet Chess Club"]
[Date "2021.02.14"]
[Round "6"]
[White "manfredo"]
[Black "dalmata"]
[Result "0-1"]
[WhiteElo "1506"]
[BlackElo "1564"]
[Opening "French: advance, Paulsen attack"]
[ECO "C02"]
[Time "10:54:26"]
[TimeControl "2700+45"]

1. e4 e6 2. d4 d5 3. e5 c5 4. c3 Nc6 5. Nf3 cxd4 6. cxd4 Nge7 7. Na3 Nf5 8. Nc2
Be7 9. Bd3 O-O 10. g4 Nh6 11. Bxh6 gxh6 12. h4 f6 13. Qd2 Qa5 14. Qxa5 Nxa5 15.
g5 fxg5 16. Ke2 g4 17. Rag1 h5 18. Ng5 h6 19. Nf3 Rxf3 20. Ne1 Rf4 21. Ke3 Rf7
22. f3 Rg7 23. fxg4 hxg4 24. Ng2 Bd7 25. Nf4 Nc4+ 26. Bxc4 dxc4 27. Nh5 Bc6 28.
Rh2 Rg6 29. Nf4 g3 30. Rd2 Rg4 31. Nxe6 Bxh4 32. d5 Bd7 33. Nc5 Bg5+ 34. Kf3
Rf8+ {White resigns} 0-1

[Event "Team 45 45 League T87"]
[Site "Internet Chess Club"]
[Date "2021.02.14"]
[Round "6"]
[White "tamky70"]
[Black "Denis240964"]
[Result "0-1"]
[WhiteElo "1247"]
[BlackElo "1378"]
[Opening "Giuoco Piano"]
[ECO "C50"]
[Time "13:00:32"]
[TimeControl "2700+45"]

1. e4 e5 2. Nf3 Nc6 3. Bc4 Bc5 4. O-O Nf6 5. Nc3 d6 6. h3 O-O 7. a3 Bd4 8. Nxd4
exd4 9. Nb5 a6 10. Nxd4 Nxd4 11. c3 Nc6 12. d3 Be6 13. Ba2 Bxa2 14. Rxa2 d5 15.
Bg5 dxe4 16. d4 Qd5 17. Bxf6 Qxa2 18. Bxg7 Kxg7 19. Qg4+ Kh8 20. Qxe4 Qe6 21.
Qb1 Qg6 22. Qc1 Rae8 23. Qf4 Re2 24. Qxc7 Rfe8 25. Qxb7 Re1 26. Rxe1 Rxe1+ 27.
Kh2 Qd6+ 28. g3 Qd5 29. Qc8+ Kg7 30. Qg4+ Kf8 31. Qc8+ Nd8 32. f3 Re2+ 33. Kg1
Qd6 34. Kf1 Qe7 35. Qc5 Qxc5 36. dxc5 Rxb2 {White resigns} 0-1

[Event "Team 45 45 League T87"]
[Site "Internet Chess Club"]
[Date "2021.02.13"]
[Round "6"]
[White "Sloggi"]
[Black "Ajolote"]
[Result "1/2-1/2"]
[WhiteElo "1940"]
[BlackElo "1994"]
[Opening "QGD: Cambridge Springs defense, Bogolyubov variation"]
[ECO "D52"]
[Time "22:03:55"]
[TimeControl "2700+45"]

1. d4 d5 2. c4 c6 3. Nf3 Nf6 4. Nc3 e6 5. Bg5 Nbd7 6. e3 Qa5 7. Nd2 Bb4 8. Qc2
dxc4 9. Bxf6 Nxf6 10. Nxc4 Qc7 11. Rc1 c5 12. dxc5 Bxc5 13. Be2 Bd7 14. O-O Be7
15. Qb3 O-O 16. Bf3 Rab8 17. Nb5 Bxb5 18. Qxb5 Qc5 19. Qxc5 Bxc5 {Game drawn by
mutual agreement} 1/2-1/2

[Event "Team 45 45 League T87"]
[Site "Internet Chess Club"]
[Date "2021.02.12"]
[Round "6"]
[White "zugknightly"]
[Black "Boxermam"]
[Result "1-0"]
[WhiteElo "1892"]
[BlackElo "1771"]
[Opening "Nimzo-Indian: Kmoch variation"]
[ECO "E20"]
[Time "14:01:39"]
[TimeControl "2700+45"]

1. d4 e6 2. c4 Nf6 3. Nc3 Bb4 4. f3 d5 5. e3 O-O 6. a3 Bxc3+ 7. bxc3 b6 8. cxd5
exd5 9. Bd3 Ba6 10. Ne2 Bxd3 11. Qxd3 Re8 12. O-O Nc6 13. Ng3 Na5 14. e4 Nc4 15.
e5 Nd7 16. f4 Nf8 17. f5 f6 18. Nh5 Kh8 19. Qg3 Qe7 20. exf6 gxf6 21. Bh6 Ne6
22. Rae1 Rg8 23. Rxe6 Rxg3 24. Rxe7 Rgg8 25. Nxf6 {Black resigns} 1-0

[Event "Team 45 45 League T87"]
[Site "Internet Chess Club"]
[Date "2021.02.12"]
[Round "6"]
[White "fhunfi"]
[Black "PolishRyszard"]
[Result "0-1"]
[WhiteElo "1781"]
[BlackElo "1859"]
[Opening "Pirc defense"]
[ECO "B07"]
[Time "10:08:25"]
[TimeControl "2700+45"]

1. e4 d6 2. d4 Nf6 3. Nc3 Nbd7 4. g3 e5 5. Nge2 b5 6. a3 Bb7 7. Bg2 Be7 8. h3
O-O 9. Be3 a5 10. O-O b4 11. Nd5 c6 12. Nxf6+ Bxf6 13. axb4 axb4 14. Qd2 c5 15.
d5 Qc7 16. g4 g6 17. Rfb1 Rfb8 18. Bf1 c4 19. Rxa8 Bxa8 20. Ra1 Nc5 21. Ng3 c3
22. bxc3 b3 23. Bxc5 b2 24. Rb1 Qxc5 25. Qd3 Qa3 26. c4 Qa2 27. Qd1 Bg5 28. Bd3
Bb7 29. Ne2 Qa3 30. c3 Ba6 31. Qc2 Kg7 32. Kg2 Qa2 33. c5 Bxd3 34. Qxd3 dxc5 35.
Kg3 c4 36. Qc2 Qb3 37. Qxb3 Rxb3 38. h4 Bd2 39. f3 Kf6 40. Kf2 Ke7 41. Kg3 Kd6
42. Kf2 Kc5 43. Kg3 Bxc3 44. Nxc3 Rxc3 45. Rxb2 Rb3 46. Ra2 c3 47. Ra8 Kd4 48.
d6 Rb7 49. Rc8 Rd7 50. Rc6 Kd3 51. f4 exf4+ 52. Kxf4 c2 53. e5 Kd2 54. e6 fxe6
55. Ke5 c1=Q 56. Rxc1 Kxc1 57. Kxe6 Rd8 58. Ke7 Ra8 59. d7 Kd2 60. h5 g5 61. h6
Ke3 62. d8=Q Rxd8 63. Kxd8 Kf4 64. Ke7 Kxg4 65. Kf6 Kf4 66. Kg7 g4 67. Kxh7 g3
68. Kg7 g2 69. h7 g1=Q+ 70. Kf7 Qa1 71. Kg8 Qa8+ 72. Kg7 Qb7+ 73. Kg8 Qc8+ 74.
Kg7 Qd7+ 75. Kg8 Qe8+ 76. Kg7 Qe7+ 77. Kg8 Kg5 78. h8=Q Kg6 {White resigns} 0-1

[Event "Team 45 45 League T87"]
[Site "Internet Chess Club"]
[Date "2021.02.14"]
[Round "6"]
[White "pishd"]
[Black "KidRattler"]
[Result "1-0"]
[WhiteElo "1897"]
[BlackElo "1771"]
[Opening "Queen's pawn: Yusupov-Rubinstein system"]
[ECO "A46"]
[Time "11:09:38"]
[TimeControl "2700+45"]

1. d4 Nf6 2. Nf3 e6 3. e3 b6 4. Bd3 Bb7 5. O-O Be7 6. c4 c5 7. Nc3 Na6 8. d5 Nb4
9. Bb1 exd5 10. a3 Na6 11. cxd5 d6 12. e4 Nc7 13. h3 O-O 14. Bf4 Rb8 15. Re1 Re8
16. Bc2 Nd7 17. Qd2 Bf6 18. Bxd6 Ne5 19. Bxe5 Bxe5 20. Nxe5 Rxe5 21. Rad1 Bc8
22. f4 Rh5 23. e5 b5 24. d6 Ne6 25. Nd5 Nd4 26. Ne7+ Kh8 27. Be4 Bb7 28. Bxb7
Rxb7 29. b4 Rxh3 30. bxc5 Nf3+ 31. gxf3 Qd7 32. c6 Rg3+ 33. Kh1 Qe6 34. cxb7 g6
35. b8=Q+ Kg7 36. Qg8+ Kh6 37. f5+ g5 38. fxe6 Rxf3 39. Qh2+ Rh3 40. Qxh3#
{Black checkmated} 1-0

[Event "Team 45 45 League T87"]
[Site "Internet Chess Club"]
[Date "2021.02.14"]
[Round "6"]
[White "ILRE"]
[Black "walkover"]
[Result "0-1"]
[WhiteElo "1642"]
[BlackElo "1721"]
[Opening "Queen's bishop game"]
[ECO "D02"]
[Time "13:03:09"]
[TimeControl "2700+45"]

1. d4 Nf6 2. Nf3 d5 3. Bf4 c5 4. e3 Nc6 5. c3 Nh5 6. Bg5 h6 7. Bh4 g5 8. Ne5
Nxe5 9. dxe5 Ng7 10. Bg3 Nf5 11. Bb5+ Bd7 12. Qa4 Bg7 13. Bxd7+ Qxd7 14. Qg4
O-O-O 15. Nd2 h5 16. Qxg5 f6 17. exf6 Bxf6 18. Qf4 e5 19. Qf3 h4 20. Bxe5 Bxe5
21. O-O-O Rhf8 22. Qe2 Qa4 23. Kb1 Kb8 24. Nb3 Qc6 25. f3 Nd6 26. e4 dxe4 27.
fxe4 Rf4 28. Qe3 Rdf8 29. Qxc5 Qxe4+ 30. Ka1 Rc8 31. Qd5 Nc4 32. Qxe4 Rxe4 33.
Nd4 Bxd4 34. Rxd4 Rxd4 35. cxd4 Rd8 36. Rd1 Ne3 37. Rd2 Rxd4 38. Rxd4 Nc2+ 39.
Kb1 Nxd4 40. g3 h3 41. Kc1 Nf3 42. g4 Nxh2 43. g5 Nf3 44. g6 h2 45. g7 h1=Q+ 46.
Kc2 Qg2+ {White resigns} 0-1

[Event "Team 45 45 League T87"]
[Site "Internet Chess Club"]
[Date "2021.02.14"]
[Round "6"]
[White "bobhill"]
[Black "room-matt"]
[Result "0-1"]
[WhiteElo "1813"]
[BlackElo "1793"]
[Opening "Queen's bishop game"]
[ECO "D02"]
[Time "09:07:04"]
[TimeControl "2700+45"]

1. d4 d5 2. Nf3 Nf6 3. Bf4 c5 4. e3 Nc6 5. c3 Qb6 6. Qb3 c4 7. Qxb6 axb6 8. Na3
Bf5 9. Nh4 Bd7 10. Be2 Ne4 11. Nf3 Nxc3 12. bxc3 Rxa3 13. O-O Rxc3 14. Rfb1 e6
15. Rxb6 Nd8 16. Bc7 Bc8 17. Ne5 f6 18. Bxd8 fxe5 19. Bh4 exd4 20. exd4 Be7 21.
Bg3 O-O 22. Bg4 Bf6 23. Bxe6+ Bxe6 24. Rxe6 Bxd4 25. Rd6 Rxg3 26. hxg3 Bxa1 27.
Rxd5 c3 28. Rc5 Ra8 29. f4 Rxa2 30. Rc8+ Kf7 31. Rc7+ Kf6 32. Rxb7 c2 33. Rc7
Bd4+ 34. Kh2 Be3 35. Rc6+ Kf5 36. Kh3 c1=Q 37. g4+ Kxf4 38. g3+ Kf3 39. Rxc1
Bxc1 40. g5 g6 41. g4 Be3 {White resigns} 0-1

[Event "Team 45 45 League T87"]
[Site "Internet Chess Club"]
[Date "2021.02.12"]
[Round "6"]
[White "pishd"]
[Black "rookmaster23"]
[Result "1-0"]
[WhiteElo "1886"]
[BlackElo "1698"]
[Opening "Grünfeld: modern exchange variation"]
[ECO "D90"]
[Time "14:08:51"]
[TimeControl "2700+45"]

1. d4 Nf6 2. Nf3 g6 3. c4 Bg7 4. Nc3 d5 5. cxd5 Nxd5 6. e4 Nxc3 7. bxc3 c5 8.
Be3 O-O 9. Qd2 Qa5 10. Rb1 Nc6 11. Rb5 Qa3 12. Rxc5 Rd8 13. Bd3 Bg4 14. O-O Bxf3
15. gxf3 e6 16. Rb1 Bf8 17. Rcb5 b6 18. R1b3 Qe7 19. Bg5 f6 20. Be3 Na5 21. Rb1
Qd6 22. e5 fxe5 23. Rxe5 Bg7 24. Reb5 e5 25. Be4 Rac8 26. Rd5 Qc7 27. Rxd8+ Rxd8
28. d5 Nc4 29. Qd3 Nd6 30. Rc1 Qd7 31. c4 Rc8 32. c5 bxc5 33. Rxc5 Rb8 34. Qc2
Bf8 35. Rc7 Qe8 36. Rxa7 Nb5 37. Ra6 Rc8 38. Qa4 Nd6 39. Qxe8 Rxe8 40. a4 Rb8
41. Kg2 Nc4 42. Bc1 Rc8 43. Rc6 Rxc6 44. dxc6 Bd6 45. Bg5 Kf8 46. Bd8 Ke8 47. c7
Kd7 48. Bd3 Nb6 49. Bb5+ Kc8 50. Kh3 Bxc7 51. Bxc7 Kxc7 52. Kg4 h6 53. Be8 Kd6
54. a5 Nc4 55. a6 Kc7 56. Bxg6 Kb6 57. Kh5 Nd2 58. Be4 Kxa6 59. Kxh6 Kb6 60. Kg6
Kc5 61. h4 Kd4 62. Kf5 Nc4 63. h5 Nd6+ 64. Ke6 Nxe4 65. fxe4 Kxe4 66. h6 Kf4 67.
h7 e4 68. h8=Q {Black resigns} 1-0

[Event "Team 45 45 League T87"]
[Site "Internet Chess Club"]
[Date "2021.02.12"]
[Round "6"]
[White "Rookmaster"]
[Black "Zugzwanged"]
[Result "0-1"]
[WhiteElo "1618"]
[BlackElo "1718"]
[Opening "Sicilian defense"]
[ECO "B40"]
[Time "14:10:04"]
[TimeControl "2700+45"]

1. e4 e6 2. Nf3 c5 3. Nc3 Nc6 4. Bb5 Nd4 5. Bd3 Ne7 6. O-O a6 7. b3 Nec6 8. Nxd4
Nxd4 9. Bb2 g6 10. Ne2 e5 11. f4 Bg7 12. Nxd4 exd4 13. Qf3 O-O 14. Rae1 b5 15.
e5 Rb8 16. Be4 d6 17. exd6 Qxd6 18. f5 Bd7 19. d3 Rb6 20. Bc1 Bc6 21. Bf4 Qd7
22. Bxc6 Qxc6 23. Qxc6 Rxc6 24. Be5 Re8 25. Bxg7 Rxe1 26. Rxe1 Kxg7 27. fxg6
hxg6 28. g4 c4 29. Re4 cxd3 30. cxd3 Rc1+ 31. Kf2 Rc2+ 32. Re2 Rc5 33. h4 f5 34.
g5 Kf7 35. Kf3 Rc3 36. Rd2 Ke6 37. Kf4 Rc1 38. Re2+ Kd6 39. Re8 Rd1 40. Rg8 Rxd3
41. Rxg6+ Kc5 42. Kxf5 Rd1 43. h5 d3 44. Rg8 d2 45. Rf8 Rf1+ {White resigns} 0-1

[Event "Team 45 45 League T87"]
[Site "Internet Chess Club"]
[Date "2021.02.13"]
[Round "6"]
[White "dalmata"]
[Black "Mitochondria"]
[Result "1/2-1/2"]
[WhiteElo "1549"]
[BlackElo "1557"]
[Opening "King's Indian defense, 3.Nc3"]
[ECO "E61"]
[Time "11:00:53"]
[TimeControl "2700+45"]

1. d4 Nf6 2. c4 g6 3. Nc3 Bg7 4. Bf4 O-O 5. Nf3 d6 6. e4 Nbd7 7. Be2 Re8 8. e5
Nh5 9. Bg5 f6 10. exf6 Nhxf6 11. O-O e5 12. Re1 exd4 13. Nxd4 Nf8 14. Nf3 Be6
15. Nd5 Bxd5 16. cxd5 a6 17. a4 N8d7 18. b4 Nb6 19. Bxf6 Qxf6 20. Rb1 Re7 21. a5
Nd7 22. Bc4 Rae8 23. Rxe7 Rxe7 24. Qd3 Ne5 25. Nxe5 Qxe5 26. g3 Qe4 27. Qf1 Bc3
28. Rb3 Qe1 29. Qxe1 Rxe1+ 30. Kg2 Bg7 31. Re3 Rxe3 32. fxe3 Bc3 33. b5 axb5 34.
Bxb5 Bxa5 35. Kf3 Kf7 36. Ke4 Kf6 37. Kf4 Bb6 38. Ke4 h6 39. Bd7 Bc5 40. Kf4 g5+
41. Ke4 h5 42. h3 h4 43. g4 Ba3 44. Bb5 Bc1 45. Bd7 Bb2 46. Bb5 Kg7 47. Kf5 Bc1
48. Kxg5 Bxe3+ 49. Kxh4 Kh6 50. Kg3 Bd2 51. Bd7 Be1+ 52. Kf3 Bh4 53. Ke4 Kg6 54.
Bb5 Kf6 55. Kf4 b6 56. Bc6 {Game drawn by mutual agreement} 1/2-1/2

[Event "Team 45 45 League T87"]
[Site "Internet Chess Club"]
[Date "2021.02.13"]
[Round "6"]
[White "fledermaus"]
[Black "Draconian"]
[Result "0-1"]
[WhiteElo "1861"]
[BlackElo "1683"]
[Opening "Dutch with c4 & Nc3"]
[ECO "A85"]
[Time "15:00:44"]
[TimeControl "2700+45"]

1. d4 f5 2. c4 Nf6 3. Nc3 g6 4. h4 Bg7 5. h5 Nxh5 6. e4 fxe4 7. g4 Nf6 8. g5 Ng8
9. Nge2 e6 10. d5 Ne7 11. Nxe4 Nf5 12. Bd2 exd5 13. cxd5 d6 14. Bc3 O-O 15. Qd3
Nd7 16. Qh3 Bxc3+ 17. N2xc3 Qe7 18. O-O-O a6 19. f4 b5 20. Qd3 b4 21. Ne2 Nc5
22. Nxc5 dxc5 23. Bh3 Qe3+ 24. Qxe3 Nxe3 25. Rd3 Bxh3 26. Rxh3 Nf5 27. Rd2 Rae8
28. Rc2 Re4 29. Kd2 Rfe8 30. Rh2 Rxe2+ 31. Rxe2 Rxe2+ 32. Kxe2 Nd4+ 33. Kd3 Nxc2
34. Kxc2 Kf7 35. Kb3 Ke7 36. Kc4 Kd6 37. a4 bxa3 38. bxa3 c6 39. dxc6 Kxc6 40.
a4 a5 41. Kc3 Kd5 42. Kd3 c4+ 43. Kc3 Kc5 {White resigns} 0-1

[Event "Team 45 45 League T87"]
[Site "Internet Chess Club"]
[Date "2021.02.15"]
[Round "6"]
[White "tacticaltal"]
[Black "MathBandit"]
[Result "1-0"]
[WhiteElo "1623"]
[BlackElo "1661"]
[Opening "Sicilian: Smith-Morra gambit"]
[ECO "B21"]
[Time "18:11:19"]
[TimeControl "2700+45"]

1. e4 c5 2. d4 cxd4 3. c3 dxc3 4. Nxc3 Nc6 5. Nf3 d6 6. Bc4 Nf6 7. e5 dxe5 8.
Qxd8+ Kxd8 9. Ng5 Kc7 10. Nxf7 Na5 11. Nb5+ Kb8 12. Be2 Rg8 13. Nxe5 Bf5 14. Bf4
Kc8 15. Rc1+ Kd8 16. O-O {Black resigns} 1-0

[Event "Team 45 45 League T87"]
[Site "Internet Chess Club"]
[Date "2021.02.14"]
[Round "6"]
[White "MrAbendroth"]
[Black "Kingofknights"]
[Result "0-1"]
[WhiteElo "1652"]
[BlackElo "1539"]
[Opening "Caro-Kann: Steinitz variation"]
[ECO "B17"]
[Time "12:00:22"]
[TimeControl "2700+45"]

1. e4 c6 2. d4 d5 3. Nc3 dxe4 4. Nxe4 Nd7 5. Nf3 Ngf6 6. Ng3 e6 7. Bf4 c5 8.
dxc5 Bxc5 9. Bd3 O-O 10. O-O Nd5 11. Bd2 Qc7 12. Ne4 Be7 13. Nfg5 N7f6 14. g3
Nxe4 15. Nxe4 Rd8 16. Qh5 g6 17. Qe2 Nb4 18. Bxb4 Bxb4 19. Rad1 Kg7 20. Qf3 Qe7
21. c3 Ba5 22. h4 f5 23. Ng5 h6 24. Nh3 e5 25. Rde1 e4 26. Bxe4 fxe4 27. Rxe4
Qf7 28. Qg2 Bf5 29. Rf4 Bc7 30. Rb4 b6 31. Nf4 a5 32. Rb5 Bxf4 33. gxf4 Bd3 34.
Rxb6 Bxf1 35. Qe4 Bd3 36. Qe5+ Kg8 37. Rf6 Re8 38. Qd6 Rad8 39. Qb6 Re1+ 40. Kh2
Qe7 41. h5 Be4 42. Qb3+ Kg7 {White resigns} 0-1

[Event "Team 45 45 League T87"]
[Site "Internet Chess Club"]
[Date "2021.02.13"]
[Round "6"]
[White "cap78red"]
[Black "ILRE"]
[Result "1-0"]
[WhiteElo "1348"]
[BlackElo "1656"]
[Opening "English: four knights, kingside fianchetto"]
[ECO "A29"]
[Time "15:06:52"]
[TimeControl "2700+45"]

1. c4 e5 2. Nc3 Nf6 3. Nf3 Nc6 4. g3 Bc5 5. Bg2 a6 6. O-O d6 7. e3 O-O 8. d4 Ba7
9. d5 Ne7 10. e4 h6 11. h3 Bd7 12. Be3 Bxe3 13. fxe3 b6 14. Nh4 Qc8 15. Kh2 Nh7
16. Qh5 f5 17. exf5 Nxf5 18. Nxf5 Bxf5 19. Ne4 Bxe4 20. Bxe4 Ng5 21. Bg2 Qd7 22.
h4 Nh7 23. Bh3 Qe7 24. Be6+ Kh8 25. Rf7 Rxf7 26. Qxf7 Qxf7 27. Bxf7 Nf6 28. Be6
Rb8 29. a4 Rf8 30. Rf1 Ng4+ 31. Kg1 Rxf1+ 32. Kxf1 Nxe3+ 33. Ke2 Nxc4 34. b4 a5
35. bxa5 Nxa5 36. Kd3 Nb3 37. Kc4 Nc5 38. Kb5 Nxe6 39. dxe6 Kg8 40. Kc6 Kf8 41.
Kd7 {Black resigns} 1-0

[Event "Team 45 45 League T87"]
[Site "Internet Chess Club"]
[Date "2021.02.13"]
[Round "6"]
[White "clarinetref"]
[Black "Pawnchain"]
[Result "1-0"]
[WhiteElo "1481"]
[BlackElo "1302"]
[Opening "Réti: advance variation"]
[ECO "A09"]
[Time "09:33:22"]
[TimeControl "2700+45"]

1. Nf3 d5 2. c4 d4 3. g3 Bg4 4. Bg2 c6 5. d3 Bxf3 6. Bxf3 e6 7. a3 Nd7 8. b4 a5
9. b5 Ne7 10. Bb2 Qb6 11. a4 e5 12. Nd2 f5 13. O-O c5 14. Re1 Ng6 {Black
resigns} 1-0

[Event "Team 45 45 League T87"]
[Site "Internet Chess Club"]
[Date "2021.02.13"]
[Round "6"]
[White "smsxman"]
[Black "sdcohle"]
[Result "1-0"]
[WhiteElo "1313"]
[BlackElo "1402"]
[Opening "French defense"]
[ECO "C00"]
[Time "10:29:56"]
[TimeControl "2700+45"]

1. e4 e6 2. Nc3 d5 3. exd5 exd5 4. Nf3 Nf6 5. d4 c6 6. Be2 Bd6 7. a3 O-O 8. b4
a6 9. Rb1 Re8 10. Be3 Ng4 11. Bd2 h6 12. h3 Nf6 13. a4 Ne4 14. b5 Nxc3 15. Bxc3
cxb5 16. axb5 axb5 17. Rxb5 Bc7 18. Rb1 Ba5 19. Qd2 Qc7 20. Bxa5 Qxa5 21. Qxa5
Rxa5 22. c3 Ra2 23. Nd2 Bf5 24. Rxb7 Ra1+ 25. Nb1 Rxb1+ 26. Rxb1 Bxb1 27. Kd2
Bf5 28. g4 Be6 29. Ra1 Nc6 30. Bb5 Rc8 31. f4 f5 32. Ra6 Nd8 33. g5 hxg5 34.
fxg5 Bf7 35. g6 Be8 36. Bxe8 Kf8 37. Bd7 Rc7 38. Bxf5 Ke7 39. h4 Nc6 40. Bd3 Nd8
41. Ra1 Rb7 42. Re1+ Kf8 43. h5 Nc6 44. Re6 Ne7 45. Ra6 Rc7 46. Be2 Ke8 47. Bg4
Kd8 48. Ra8+ Rc8 49. Bxc8 Nxc8 50. Ke3 Kc7 51. Rxc8+ Kxc8 52. Kf4 Kd7 53. Ke5
Ke7 54. Kxd5 Kf6 55. Ke4 Kg5 56. d5 Kxh5 57. d6 Kxg6 58. d7 Kf7 59. d8=Q {Black
resigns} 1-0

[Event "Team 45 45 League T87"]
[Site "Internet Chess Club"]
[Date "2021.02.15"]
[Round "6"]
[White "harrington"]
[Black "Tjet"]
[Result "1-0"]
[WhiteElo "1364"]
[BlackElo "1332"]
[Opening "Pirc: classical system, 5.Be2"]
[ECO "B08"]
[Time "21:00:26"]
[TimeControl "2700+45"]

1. e4 d6 2. d4 Nf6 3. Nc3 g6 4. Nf3 Bg7 5. Be2 O-O 6. O-O e5 7. dxe5 dxe5 8. Bg5
Qxd1 9. Raxd1 Re8 10. Nxe5 c6 11. Nc4 Be6 12. Nd6 Rd8 13. e5 Nbd7 14. exf6 Bxf6
15. Bxf6 Nxf6 16. Nxb7 Rxd1 17. Rxd1 Rb8 18. Rd8+ Rxd8 19. Nxd8 Bd5 20. Nxd5
cxd5 21. Nc6 a5 22. Nxa5 h5 23. Nc6 Kf8 24. a4 Nd7 25. a5 f5 26. b4 Kf7 27. b5
Nc5 28. b6 Nd7 29. b7 Ke6 30. b8=Q Nxb8 31. Nxb8 Kd6 32. a6 Kc7 33. Nd7 Kxd7 34.
a7 {Black resigns} 1-0

[Event "Team 45 45 League T87"]
[Site "Internet Chess Club"]
[Date "2021.02.12"]
[Round "6"]
[White "xingon"]
[Black "gregorgg"]
[Result "1-0"]
[WhiteElo "1429"]
[BlackElo "1367"]
[Opening "Queen's bishop game"]
[ECO "D00"]
[Time "15:15:52"]
[TimeControl "2700+45"]

1. d4 d5 2. Bf4 Nf6 3. Nf3 e6 4. e3 Bd6 5. Bg3 O-O 6. Bd3 c5 7. c4 Nc6 8. Nc3 b6
9. Nb5 Bb8 10. Ne5 Nxe5 11. dxe5 Nd7 12. f4 a6 13. Nc3 dxc4 14. Bxc4 b5 15. Bd3
Bb7 16. Be4 Qc7 17. Qc2 Bxe4 18. Qxe4 Nb6 19. Qc2 Nd5 20. Bf2 Ba7 21. O-O-O Nb4
22. Qe2 c4 23. Kb1 Nd3 24. Rxd3 cxd3 25. Qxd3 Rfd8 26. Qe2 b4 27. Ne4 Qb7 28.
Qc4 Rac8 29. Nd6 Rxd6 30. Qxc8+ Qxc8 31. exd6 Qc6 32. Rd1 Bb6 33. g3 Bc5 34. d7
Qe4+ 35. Ka1 Bb6 36. d8=Q+ Bxd8 37. Rxd8# {Black checkmated} 1-0

[Event "Team 45 45 League T87"]
[Site "Internet Chess Club"]
[Date "2021.02.14"]
[Round "6"]
[White "Andressa"]
[Black "Chess4Him"]
[Result "0-1"]
[WhiteElo "1353"]
[BlackElo "1547"]
[Opening "Robatsch (modern) defense"]
[ECO "B06"]
[Time "18:09:00"]
[TimeControl "2700+45"]

1. e4 g6 2. Nf3 Bg7 3. Nc3 d6 4. Bc4 e6 5. O-O a6 6. d4 Nd7 7. Re1 b5 8. Bb3 b4
9. Ne2 Bb7 10. d5 e5 11. c3 a5 12. Bd2 Nc5 13. Bc2 Qb8 14. cxb4 axb4 15. Bxb4
Nd7 16. a3 Ngf6 17. h3 O-O 18. Rc1 Bh6 19. Rb1 Ba6 20. Bd3 Qb6 21. Bxa6 Rxa6 22.
Nd2 Bxd2 23. Qxd2 Nxe4 24. Nc3 Nxd2 {White resigns} 0-1

[Event "Team 45 45 League T87"]
[Site "Internet Chess Club"]
[Date "2021.02.13"]
[Round "6"]
[White "RoyalFizzbin"]
[Black "Ostap-Bender"]
[Result "1-0"]
[WhiteElo "1274"]
[BlackElo "1213"]
[Opening "Sicilian: Taimanov variation"]
[ECO "B46"]
[Time "11:00:57"]
[TimeControl "2700+45"]

1. e4 c5 2. Nf3 e6 3. d4 cxd4 4. Nxd4 Nc6 5. Nc3 a6 6. Be2 Qc7 7. O-O Nf6 8. Be3
Bb4 9. Na4 Nxe4 10. Nxc6 bxc6 11. Qd4 Nf6 12. Qxb4 Rb8 13. Qd4 O-O 14. Bf4 Qb7
15. Bxb8 Qxb8 16. Qb6 Qa8 17. Bf3 Bb7 18. Rad1 d5 19. b3 Rb8 20. Qc5 a5 21. Rfe1
Qa6 22. c4 Ba8 23. cxd5 cxd5 24. Be2 Qb7 25. Rc1 d4 26. Bf3 Qd7 27. Bxa8 Rxa8
28. Nb6 {Black resigns} 1-0

[Event "Team 45 45 League T87"]
[Site "Internet Chess Club"]
[Date "2021.02.14"]
[Round "6"]
[White "stantheman59"]
[Black "Conjurer"]
[Result "1-0"]
[WhiteElo "1229"]
[BlackElo "1256"]
[Opening "Nimzo-Indian defense"]
[ECO "E20"]
[Time "13:07:37"]
[TimeControl "2700+45"]

1. d4 Nf6 2. c4 e6 3. Nc3 Bb4 4. Bd2 c5 5. dxc5 Bxc5 6. a3 O-O 7. e3 Nc6 8. Nf3
a6 9. Bd3 b5 10. O-O bxc4 11. Bxc4 d5 12. Bd3 Re8 13. Rc1 Bb7 14. Ne2 Bf8 15.
Rc3 Rc8 16. Rb3 Rc7 17. Bc3 e5 18. Ng5 h6 19. Nxf7 Kxf7 20. Ng3 e4 21. Be2 Ne5
22. Ba5 Qd7 23. Bxc7 Qxc7 24. Rc3 Qb6 25. b4 g6 26. Qd4 Qxd4 27. exd4 Nc4 28.
Bxc4 dxc4 29. Rxc4 Bd5 30. Rc7+ Be7 31. Ra7 Bc4 32. Re1 Bd3 33. f3 exf3 34. gxf3
Nd5 35. Ne4 Kf8 36. Nc5 Bxc5 37. Rxe8+ Kxe8 38. dxc5 Bb5 39. Kg2 Ne3+ 40. Kg3
Nc2 41. a4 Bxa4 42. Rxa6 Bb5 43. Rxg6 Nxb4 44. Rxh6 Ke7 45. Rh7+ Ke6 46. Rb7
{Black resigns} 1-0

[Event "Team 45 45 League T87"]
[Site "Internet Chess Club"]
[Date "2021.02.12"]
[Round "6"]
[White "stanbeers"]
[Black "MartyJR"]
[Result "0-1"]
[WhiteElo "1322"]
[BlackElo "1584"]
[Opening "Sicilian defense"]
[ECO "B34"]
[Time "20:01:09"]
[TimeControl "2700+45"]

1. e4 c5 2. Nf3 Nc6 3. d4 cxd4 4. Nxd4 g6 5. Be2 Bg7 6. Nxc6 bxc6 7. c3 Nf6 8.
Qc2 O-O 9. O-O d6 10. Be3 Qc7 11. Na3 Ng4 12. Bg5 d5 13. Bxg4 Bxg4 14. exd5 cxd5
15. Qd2 Be6 16. Nb5 Qb7 17. Nd4 Bc8 18. Rab1 e5 19. Nb3 Bf5 20. Rbc1 f6 21. Bh4
Rfc8 22. Bg3 a5 23. Na1 a4 24. b4 axb3 25. Nxb3 Be6 26. Qe3 Rxa2 27. Nc5 Qc6 28.
Nxe6 Qxe6 29. h3 Rca8 30. Qc5 Bf8 31. Qe3 Qc6 32. Rfd1 Bc5 33. Qe1 Qb5 34. Rd2
Qc4 35. Qd1 Rxd2 36. Qxd2 Ra2 37. Qd1 Bb6 38. Rb1 Ba5 39. Rb8+ Kg7 40. Rb7+ Kh6
41. Rd7 Bxc3 42. Kh2 Bd4 43. Qf3 Qe2 44. Qxf6 Bxf2 45. Qg7+ Kg5 46. Bxf2 Qxf2
47. Qxe5+ Kh6 48. Qxd5 Qf4+ 49. Kg1 Ra1+ 50. Qd1 Rxd1+ 51. Rxd1 Qe3+ 52. Kh1 Kg5
53. Rf1 Kh4 54. Rf3 Qe1+ 55. Kh2 g5 56. Rf7 Qe5+ 57. Kh1 h5 58. Rf3 g4 59. hxg4
hxg4 60. Rb3 g3 61. Rb4+ Kg5 62. Rb1 Qh8+ 63. Kg1 Qh2+ 64. Kf1 Qh1+ 65. Ke2 Qxb1
{White resigns} 0-1

[Event "Team 45 45 League T87"]
[Site "Internet Chess Club"]
[Date "2021.02.12"]
[Round "6"]
[White "Toalla"]
[Black "OGO"]
[Result "1/2-1/2"]
[WhiteElo "1091"]
[BlackElo "1214"]
[Opening "Old Benoni: Franco-Benoni defense"]
[ECO "B21"]
[Time "13:16:13"]
[TimeControl "2700+45"]

1. e4 c5 2. d4 e6 3. d5 d6 4. Nc3 Nf6 5. Bb5+ Bd7 6. Bxd7+ Nbxd7 7. Nf3 Be7 8.
h3 O-O 9. O-O Nb6 10. b3 Rc8 11. Bf4 exd5 12. exd5 a6 13. Re1 c4 14. b4 Qd7 15.
a4 Qf5 16. Rxe7 Qxf4 17. Qd2 Qxd2 18. Nxd2 Nbxd5 19. Nxd5 Nxd5 20. Rxb7 Rb8 21.
Rxb8 Rxb8 22. Nxc4 Rxb4 23. Nxd6 Nc3 24. Kf1 Nxa4 25. Ke1 Kf8 26. c3 Nxc3 27.
Rxa6 {Game drawn by mutual agreement} 1/2-1/2

[Event "Team 45 45 League T87"]
[Site "Internet Chess Club"]
[Date "2021.02.15"]
[Round "6"]
[White "rookmaster23"]
[Black "cayo89"]
[Result "1/2-1/2"]
[WhiteElo "1690"]
[BlackElo "1508"]
[Opening "Pirc defense"]
[ECO "B07"]
[Time "20:12:53"]
[TimeControl "2700+45"]

1. e4 d6 2. d4 Nf6 3. Nc3 e5 4. dxe5 dxe5 5. Qxd8+ Kxd8 6. Bc4 Be6 7. Bxe6 fxe6
8. f3 a6 9. Be3 Bd6 10. Nh3 Nbd7 11. O-O-O Ke7 12. g4 b5 13. g5 Nh5 14. Rhf1
Rhf8 15. Ne2 Nf4 16. Nhxf4 exf4 17. Bd4 e5 18. Bf2 b4 19. h4 a5 20. Kb1 a4 21.
Nc1 Nc5 22. Bxc5 Bxc5 23. Rd5 Bd6 24. Rfd1 Rfb8 25. Nd3 Ke6 26. Nc5+ Ke7 27. Nd3
Ke6 28. Nc5+ Ke7 29. Nd3 {Game drawn by repetition} 1/2-1/2